 Dungeon Crawl Stone Soup version 0.24.1-1-gd1d2a07e1b (webtiles) character file.

Game seed: 889041471936528251, levelgen mode: deterministic

263 Peloso the Shield-Bearer (level 5, 0/47 HPs)
             Began as a Minotaur Fighter on Apr 9, 2020.
             Succumbed to an adder's poison
             ... on level 3 of the Dungeon.
             The game lasted 00:06:48 (1481 turns).

Peloso the Shield-Bearer (Minotaur Fighter)         Turns: 1481, Time: 00:06:49

Health: 0/47       AC: 10    Str: 20    XL:     5   Next: 98%
Magic:  4/4        EV:  6    Int: 10    God:
Gold:   143        SH: 10    Dex: 11    Spells: 4/4 levels left

rFire    . . .     SeeInvis .   a - +0 long sword
rCold    . . .     Gourm    .   c - +0 shield
rNeg     . . .     Faith    .   n - +0 chain mail
rPois    .         Spirit   .   (helmet restricted)
rElec    .         Reflect  .   (no cloak)
rCorr    .         Harm     .   (no gloves)
MR       .....                  e - +0 pair of boots
Stlth    ..........             (no amulet)
HPRegen  0.15/turn              (no ring)
MPRegen  0.09/turn              (no ring)

@: brilliant, lethally poisoned (0 -> -11)
A: retaliatory headbutt, horns 2
a: no special abilities


You were on level 3 of the Dungeon.
You were not hungry.

You visited 1 branch of the dungeon, and saw 4 of its levels.

You collected 143 gold pieces.

Inventory:

Hand Weapons
 a - a +0 long sword (weapon)
Armour
 b - a +0 scale mail
 c - a +0 shield (worn)
 e - a +0 pair of boots (worn)
 j - a +0 pair of boots
 n - a +0 chain mail (worn)
Scrolls
 g - a scroll of identify {unknown}
 h - a scroll of enchant weapon {unknown}
 i - a scroll of teleportation {unknown}
 l - 3 scrolls of remove curse {unknown}
 m - a scroll of enchant armour {unknown}
 o - a scroll of amnesia {unknown}
Potions
 d - 2 potions of might
Comestibles
 f - 4 rations


   Skills:
 + Level 4.6 Fighting
 + Level 4.3 Long Blades
 + Level 4.8 Armour
 + Level 1.7 Dodging
 + Level 5.2 Shields


You had 4 spell levels left.
You didn't know any spells.
Your spell library was empty.

Dungeon Overview and Level Annotations

Branches:
Dungeon (4/15)
 Temple: D:4-7

Altars:
Fedhas
Trog


Innate Abilities, Weirdness & Mutations

You reflexively headbutt those who attack you in melee.
You have a pair of horns on your head.


Message History

You feel clever all of a sudden.
* * * LOW HITPOINT WARNING * * *
You feel sick. You block the adder's attack. The adder bites you.
* * * LOW HITPOINT WARNING * * *
All of the chunks of flesh in your inventory have rotted away.
Unknown command.
You closely miss the adder.
* * * LOW HITPOINT WARNING * * *
You feel sick. The adder bites you but does no damage.
Your chain mail prevents you from hitting the adder.
You headbutt the adder.
The adder is moderately wounded.
* * * LOW HITPOINT WARNING * * *
You feel sick. The adder barely misses you. The adder bites you.
* * * LOW HITPOINT WARNING * * *
You are more poisoned.
The adder poisons you!
You hit the adder.
The adder is heavily wounded.
You die...

#####.........<......##
.............#.##...##
#....................
#.P.P..(.............
.###.._.................
.....P.P(...............
.......(......[........#
######S(...............#
#?@........#....†..
#.†...)...##.......
#.........##.......
##.......####.....#
##.....## ##...## ######
#####


You could see an adder.

Vanquished Creatures
  A water moccasin skeleton (D:4)
  2 orc wizards
  Terence (D:2)
  2 worker ants
  An ooze (D:1)
  3 worms
  2 dart slugs
  3 leopard geckos
  8 orcs
  3 giant cockroaches (D:1)
  8 goblins
  2 hobgoblins
  5 kobolds
  A ball python (D:4)
  4 bats
  6 frilled lizards
  A leopard gecko skeleton (D:4)
  7 rats
60 creatures vanquished.

Notes
Turn   | Place    | Note
-------+----------+-------------------------------------------
     0 | D:1      | Peloso the Minotaur Fighter began the quest for the Orb.
     0 | D:1      | Reached XP level 1. HP: 19/19 MP: 0/0
   114 | D:1      | Reached XP level 2. HP: 26/27 MP: 1/1
   144 | D:1      | Reached skill level 4 in Shields
   340 | D:1      | Reached XP level 3. HP: 33/33 MP: 2/2
   925 | D:2      | Noticed Terence
   942 | D:2      | Killed Terence
   942 | D:2      | Reached skill level 1 in Dodging
   942 | D:2      | Reached XP level 4. HP: 20/41 MP: 3/3
   946 | D:2      | You fall into a shaft and drop 2 floors!
  1029 | D:4      | Reached XP level 5. HP: 24/47 MP: 4/4
  1235 | D:3      | Found a bloodstained altar of Trog.
  1262 | D:3      | Reached skill level 5 in Shields
  1450 | D:3      | Found a blossoming altar of Fedhas.
  1480 | D:3      | HP: 2/47 [adder (1)]
  1481 | D:3      | Succumbed to an adder's poison

Levels and vault maps discovered:
D:1:      tarquinn_simple_flora_water_a, layout_rooms, serial_rivers,
          chequers_serial_rivers_micro_a, chequers_serial_rivers_small_b,
          chequers_serial_rivers_small_a, chequers_serial_rivers_room_a,
          chequers_serial_rivers_small_b, chequers_serial_rivers_small_3,
          st_stairs_9
D:2:      layout_loops_ring, first_ration, minmay_ruptured, uniq_terence
D:3:      layout_rooms, fedhas_altar_1, trog_book, uniq_crazy_yiuf_cottage
D:4:      layout_cave_pools

Skill      XL: |  1  2  3  4  5 |
---------------+----------------+-----
Shields        | 4 5 |  5.2
Fighting       | 4 |  4.6
Armour         | 4 |  4.8
Long Blades    | 3 4 |  4.3
Dodging        | 1 |  1.7

Action                   |  1- 3 |  4- 6 || total
-------------------------+-------+-------++-------
Melee: Long sword        |   102 |    64 ||   166
       Headbutt          |    11 |    19 ||    30
  Use: Potion            |     3 |     1 ||     4
  Eat: Chunk             |       |     2 ||     2
Armor: Scale mail        |    56 |       ||    56
       Chain mail        |     4 |    31 ||    35
Dodge: Dodged            |    28 |    27 ||    55
Block: Shield            |    66 |    42 ||   108
       Rpst.: Long sword |     6 |     9 ||    15
